 Dungeon Crawl Stone Soup version 0.27.1-2-g3b301248ec (webtiles) character file.

Game seed: 9789202180528879721

1192 HeadfulHorsecorpse the Insei (level 8, -1/52 HPs)
             Began as a Djinni Transmuter on Sept 27, 2021.
             Was an Initiate of Makhleb.
             Killed by nerve-wracking pain
             ... invoked by Grinder
              (11 damage)
             ... on level 6 of the Dungeon on Sept 28, 2021.
             The game lasted 01:46:39 (10067 turns).

HeadfulHorsecorpse the Insei (Djinni Transmuter)   Turns: 10067, Time: 01:46:40

Health: -1/52      AC:  2    Str: 10    XL:     8   Next: 71%
Gold:   195        EV: 38    Int: 16    God:    Makhleb [......] SH:  0 Dex: 19

rFire    . . .     SeeInvis .     - Unarmed
rCold    . . .     Faith    .   (shield currently unavailable)
rNeg     . . .     Spirit   .   (armour currently unavailable)
rPois    ∞         Reflect  .   (helmet currently unavailable)
rElec    .         Harm     .   (cloak currently unavailable)
rCorr    .         Rampage  .   (gloves currently unavailable)
Will     .....                  (boots unavailable)
Stlth    ++........             n - amulet of the acrobat
HPRegen  0.17/turn              (no ring)
MPRegen  0.00/turn              (no ring)

@: spider-form, wereblooded (expiring), acrobatic, flying
A: venomous fangs, flying, sickness immunity, tiny, (fire resistance 2), (cold
vulnerability 1), float, innate caster, hp casting, extra vitality 1
a: End Transformation, Renounce Religion


You were on level 6 of the Dungeon.
You worshipped Makhleb.
Makhleb was noncommittal.
You were a venomous arachnid creature.
You visited 2 branches of the dungeon, and saw 7 of its levels.

You collected 195 gold pieces.

Inventory:

Missiles
 m - a throwing net (quivered)
Armour
 e - a +0 leather armour (melded)
 f - a +0 chain mail
 g - a +0 ring mail
 i - a +2 cloak
 r - a scarf of resistance (melded)
 v - a +0 kite shield
Jewellery
 n - an amulet of the acrobat (around neck)
Wands
 k - a wand of digging (6)
 w - a wand of iceblast (2)
 y - a wand of mindburst (13)
Scrolls
 c - a scroll of teleportation
 d - a scroll of holy word {unknown}
 h - a scroll of vulnerability {unknown}
 l - a scroll of immolation {unknown}
 p - 2 scrolls of amnesia {unknown}
 s - a scroll of brand weapon {unknown}
 t - 2 scrolls of fear {unknown}
 u - a scroll of silence {unknown}
 x - a scroll of enchant weapon {unknown}
Potions
 b - 4 potions of curing {unknown}
 o - a potion of invisibility
 q - a potion of brilliance
 z - a potion of heal wounds
 A - a potion of berserk rage {unknown}
Miscellaneous
 j - a box of beasts


   Skills:
 - Level 1.5 Fighting
 + Level 3.8 Armour
 + Level 5.2 Dodging
 * Level 6.8 Unarmed Combat
 + Level 3.6 Spellcasting


You couldn't memorise any spells.
You knew the following spells:

 Your Spells              Type           Power      Damage    Failure   Level
a - Beastly Appendage     Tmut           28%        N/A       13%         1
b - Wereblood             Tmut           14%        N/A       17%         2
c - Spider Form           Tmut/Pois      7%         N/A       28%         3
d - Ice Form              Ice/Tmut       14%        N/A       58%         4
e - Magic Dart            Conj           56%        1d5       13%         1
f - Slow                  Hex            14%        N/A       17%         2
g - Confusing Touch       Hex            14%        N/A       28%         3
Your spell library was empty.

Dungeon Overview and Level Annotations

Branches:
Dungeon (6/15)             Temple (1/1) D:4

Altars:
Ashenzari
Cheibriados
Dithmenos
Elyvilon
Gozag
Makhleb
Nemelex Xobeh
Okawaru
Qazlal
Sif Muna
Trog
Uskayaw
Xom
Yredelemnul
Zin
The Shining One

Shops:
D:4 [

Annotations:
D:3 exclusion: downstairs
D:4 Sigmund
D:6 Grinder


Innate Abilities, Weirdness & Mutations

You are a venomous arachnid creature.
You have poisonous fangs.
You are tiny and dextrous.
You are flying.
Your spellcasting is less reliable in this form.
Your armour is entirely melded.
You are incapable of wielding weapons or throwing items.
You are immune to sickness and miasma.
You are immune to poison.
((Your flesh is very heat resistant. (rF++)))
((You are vulnerable to cold. (rC-)))
You float through the air rather than walking.
You learn spells naturally, not from books.
Your magical power is your life essence.
You have superior vitality. (+4 HP)


Message History

You barely miss Grinder.
Grinder is moderately wounded.
Grinder gestures at you.
You struggle to resist.
Press: ? - help, v - describe, . - travel The floor.
You hit Grinder but do no damage.
Grinder is moderately wounded.
Grinder says, "Mostly I couldn't keep them alive."
Grinder gestures at you. Pain shoots through your body!
Press: ? - help, v - describe, . - travel The floor.
You hit Grinder.
Grinder is heavily wounded.
Your transformation has ended.
Your scarf of resistance unmelds from your body.
Your +0 leather armour unmelds from your body.
You feel resistant to extremes of temperature.
Grinder hits you!
You writhe in agony.
Casting: Spider Form (dangerous; 16% risk of failure)
Confirm with . or Enter, or press ? or * to list all spells.
You turn into a venomous arachnid creature.
Your scarf of resistance melds into your body.
Your +0 leather armour melds into your body.
You feel hot and cold all over.
You hiss as the wereblood boils in your veins!
Grinder hits you!
You writhe in agony.
* * * LOW HITPOINT WARNING * * *
Grinder blinks!
You hiss as the wereblood boils in your veins!
Your primal bloodlust is almost over.
Grinder gestures at you. Pain shoots through your body!
* * * LOW HITPOINT WARNING * * *
You hiss as the wereblood boils in your veins!
You hear a shout!
Grinder gestures at you. Pain shoots through your body!
You die...

.....###.#.......†.#...#
.........#.......#)..#...
....#.)#########........#
#.## ...##.<#
#.#..##......?. ####...#
#.#...5...##..# #...#.#
##.##...##.##..# #.###..
#......##. ....### ...
##.# #$........ .....#.
.# .#
###.s#.########...... .
.# ##..?...#####.h).....#
.# #..#..<###....####.>.#
#...#...####h#### ...
..###..##.KK.# K.
#####..#..#### K
#.....)O## #........#
#.#......#


You could see Grinder.

Vanquished Creatures
  Eustachio (D:5)
  A black bear (D:6)
  A necrophage (D:3)
  2 ogres (D:6)
  A kobold brigand (D:6)
  A bullfrog (D:6)
  Blork the orc (D:5)
  2 scorpions
  A bullfrog zombie (D:3)
  A bullfrog skeleton (D:4)
  2 iguanas (D:4)
  An orc wizard (D:5)
  Natasha (thrice) (D:2)
  A killer bee zombie (D:4)
  A gnoll (D:3)
  5 adders
  A worm (D:3)
  2 dart slugs
  10 orcs
  8 ball pythons
  8 endoplasms
  4 giant cockroaches
  10 goblins
  7 hobgoblins
  8 jackals
  9 kobolds
  3 quokkas
  4 bats
  4 frilled lizards
  2 rats (D:2)
105 creatures vanquished.

Notes
Turn   | Place    | Note
-------+----------+-------------------------------------------
     0 | D:1      | HeadfulHorsecorpse the Djinni Transmuter began the quest
                  | for the Orb.
     0 | D:1      | Reached XP level 1. HP: 17/17 MP: 0/0
   662 | D:1      | Reached XP level 2. HP: 22/22 MP: 0/0
  1077 | D:1      | Reached XP level 3. HP: 25/27 MP: 0/0
  1077 | D:1      | Learned a level 1 spell: Magic Dart
  1915 | D:2      | Noticed Natasha
  2279 | D:3      | Reached XP level 4. HP: 22/32 MP: 0/0
  2928 | D:3      | Found a snail-covered altar of Cheibriados.
  2977 | D:3      | Reached skill level 1 in Armour
  2977 | D:3      | Reached skill level 4 in Unarmed Combat
  2977 | D:3      | Reached XP level 5. HP: 10/37 MP: 0/0
  2977 | D:3      | Learned a level 2 spell: Slow
  3237 | D:3      | Found a sparkling altar of Nemelex Xobeh.
  3295 | D:3      | Noticed a necrophage
  3377 | D:3      | Killed a necrophage
  3378 | D:3      | Reached XP level 6. HP: 17/42 MP: 0/0
  4210 | D:4      | Found a staircase to the Ecumenical Temple.
  4243 | Temple   | Entered the Ecumenical Temple
  4683 | D:4      | Found a burning altar of Makhleb.
  4690 | D:4      | Became a worshipper of Makhleb the Destroyer
  5086 | D:4      | Reached skill level 5 in Unarmed Combat
  5121 | D:4      | Found Hidiy's Armour Emporium.
  5382 | D:4      | Noticed Sigmund
  5433 | D:2      | Killed Natasha
  5481 | D:2      | Noticed Natasha
  5488 | D:2      | Killed Natasha
  5489 | D:2      | Reached XP level 7. HP: 42/47 MP: 0/0
  5489 | D:2      | Learned a level 3 spell: Confusing Touch
  5537 | D:2      | Noticed Natasha
  5544 | D:2      | Killed Natasha
  6538 | D:5      | Entered Level 5 of the Dungeon
  6791 | D:5      | Noticed Blork the orc
  7631 | D:5      | Found a shadowy altar of Dithmenos.
  7724 | D:5      | Killed Blork the orc
  7834 | D:5      | Noticed Eustachio
  8128 | D:5      | Found a glowing golden altar of the Shining One.
  8668 | D:6      | Found a glowing silver altar of Zin.
  9001 | D:6      | Reached XP level 8. HP: 32/52 MP: 0/0
  9234 | D:5      | Killed Eustachio
  9235 | D:5      | Reached skill level 6 in Unarmed Combat
  9566 | D:6      | Reached skill level 5 in Dodging
 10045 | D:6      | Noticed Grinder
 10067 | D:6      | Killed from afar by Grinder

Illustrated notes

Levels and vault maps discovered:
D:1:      lemuel_arrival_river_ford, layout_loops_corners
D:2:      layout_loops_ring, uniq_natasha
D:3:      layout_loops_cross, mainiacjoe_overflow_six_doors_small,
          mainiacjoe_overflow_small_starburst, minmay_checkerbox
D:4:      layout_loops_cross, lemuel_crystal_altar, lemuel_temple_firewalk_b,
          serial_shops, shop, corexii_corridor_pit, uniq_sigmund
D:5:      layout_gridville, gammafunk_temple_overflow_wave,
          nicolae_overflow_crystal_walls, uniq_blork_the_orc, uniq_eustachio
D:6:      layout_rooms, kennysheep_mini_moat, uniq_edmund, uniq_pikel,
          uniq_grinder
Temple:   compressed_dpeg_triangle_lava_temple

Skill      XL: |  1  2  3  4  5  6  7  8 |
---------------+-------------------------+-----
Spellcasting   | 2 3 |  3.6
Armour         | 1 2 3 |  3.8
Dodging        | 3 4 5 |  5.2
Unarmed Combat | 4 5 6 |  6.8
Fighting       | |  1.5

Action                   |  1- 3 |  4- 6 |  7- 9 || total
-------------------------+-------+-------+-------++-------
Melee: Unarmed           |    94 |   102 |   152 ||   348
       Headbutt          |     8 |     9 |     9 ||    26
       Punch             |     1 |     1 |     6 ||     8
 Cast: Beastly Appendage |    19 |    13 |    13 ||    45
       Wereblood         |     3 |     3 |     6 ||    12
       Magic Dart        |    17 |    60 |    29 ||   106
       Slow              |       |     8 |    19 ||    27
       Spider Form       |       |       |     9 ||     9
       Confusing Touch   |       |       |     4 ||     4
  Use: Scroll            |       |       |     4 ||     4
 Stab: Confused          |       |       |     2 ||     2
Armor: Robe              |     9 |       |       ||     9
       Leather armour    |     3 |    20 |     9 ||    32
       Skin              |       |       |     2 ||     2
Dodge: Dodged            |    39 |    55 |   162 ||   256
